 Dungeon Sprint DCSS version 0.26-a0-662-g8b9c6dab81 (webtiles) character file.

Game seed: 16931946764341816805

109 sahdkjhfkaj the Covert (level 4, -6/21 HPs)
             Began as a Spriggan Enchanter on Oct 9, 2020.
             Mangled by an orange demon (14 damage)
             ... summoned by a deep elf mage
             ... in the Dungeon (Sprint III: "The Ten Rune Challenge").
             The game lasted 00:01:01 (252 turns).

sahdkjhfkaj the Covert (Spriggan Enchanter)          Turns: 252, Time: 00:01:01

Health: -6/21      AC:  3    Str:  4    XL:     4   Next: 59%
Magic:  9/9        EV: 18    Int: 16    God:
Gold:   40         SH:  0    Dex: 17    Spells: 5/8 levels left

rFire    . . .     SeeInvis +   a - +1 dagger
rCold    . . .     Faith    .   (shield restricted)
rNeg     . . .     Spirit   .   b - +0 robe
rPois    .         Reflect  .   (helmet restricted)
rElec    .         Harm     .   n - +0 cloak
rCorr    .         Rampage  .   (gloves unavailable)
MR       .....     NoTele   +   (boots unavailable)
Stlth    ++++++....             (no amulet)
HPRegen  0.07/turn              (no ring)
MPRegen  0.11/turn              (no ring)

@: weakened, hasted, very quick
A: very small, unfitting armour, see invisible, speed 3
a: no special abilities


You were in the Dungeon.
You visited 1 branch You collected 40 gold pieces.

Inventory:

Hand Weapons
 a - a +1 dagger (weapon)
Armour
 b - a +0 robe (worn)
 n - a +0 cloak (worn)
Scrolls
 i - a scroll of blinking
 j - 2 scrolls of immolation {unknown}
 k - 4 scrolls of identify
 l - 3 scrolls of remove curse
Potions
 c - a potion of resistance {unknown}
 d - 2 potions of curing
 g - 2 potions of magic
 h - 3 potions of mutation {unknown}
 m - 3 potions of flight


   Skills:
 - Level 1.1 Short Blades
 - Level 3.0 Dodging
 + Level 14.1 Stealth
 - Level 2.6 Spellcasting
 - Level 3.6 Hexes


You had 5 spell levels left.
You knew the following spells:

 Your Spells              Type           Power        Failure   Level
a - Corona                Hex            ##.....      4%          1
b - Ensorcelled Hibernat  Hex/Ice        #.....       14%         2

Your spell library contained the following spells:

 Spells                   Type           Power        Failure   Level
 Confusing Touch          Hex            ##......     13%         3
 Tukima's Dance           Hex            ##......     13%         3
 Dazzling Flash           Conj/Hex       #.....       28%         3


Dungeon Overview and Level Annotations

Branches:
Dungeon (1/1)

Altars:
Elyvilon
Zin
The Shining One


Innate Abilities, Weirdness & Mutations

You are very small and have problems with some larger weapons.
You are too small for most types of armour.
You have supernaturally acute eyesight. (SInv)
You cover ground extremely quickly.


Message History

The deep elf mage is moderately wounded.
The orange demon barely misses you. The orange demon hits you.
You feel as though you will be weak longer.
The deep elf mage mumbles some strange words.
The deep elf mage blinks!
You see here a potion of curing.
The orange demon barely misses you.
The orange demon hits you but does no damage.
You hit the deep elf mage.
The deep elf mage is moderately wounded.
The deep elf mage misses you.
You hit the deep elf mage but do no damage.
The deep elf mage is moderately wounded.
The orange demon misses you. The orange demon completely misses you.
The deep elf mage hits you but does no damage.
You miss the deep elf mage.
The deep elf mage is moderately wounded.
The orange demon stings you!
Ouch! That really hurt!
You die...

▓▓▓▓▓▓▓ ▓▓▓ ..'...♣♣♣
♣.##### ..#..)..♣
♣♣.#4_e# ###.....♣♣
♣..#§@.#
..#....≈.♣♣♣♣.###'#+###+#
.†#...≈≈♣.♣.♣.#..........
..#..≈≈≈≈♣♣.♣.'.⌠........
#'#..≈≈≈≈≈≈.♣.#...######+
.†#.≈≈≈≈≈≈....#.⌠.#
..#.≈≈≈≈≈.....#...#
..#.≈≈≈.......#+###
###...........#


You could see an orange demon (summoned) and a deep elf mage.

Vanquished Creatures
  A water elemental (D)
  Crazy Yiuf (D)
  A human (D)
  4 rats (D)
7 creatures vanquished.

Notes
Turn   | Place    | Note
-------+----------+-------------------------------------------
     0 | D        | sahdkjhfkaj the Spriggan Enchanter began the quest for the
                  | Orb.
     0 | D        | Reached XP level 1. HP: 9/9 MP: 5/5
     8 | D        | Reached skill level 5 in Stealth
    76 | D        | Reached skill level 6 in Stealth
   133 | D        | Reached skill level 9 in Stealth
   133 | D        | Reached XP level 2. HP: 13/13 MP: 6/6
   170 | D        | Learned a level 2 spell: Ensorcelled Hibernation
   173 | D        | Noticed Crazy Yiuf
   180 | D        | Killed Crazy Yiuf
   180 | D        | Reached skill level 11 in Stealth
   180 | D        | Reached XP level 3. HP: 16/16 MP: 8/8
   213 | D        | Noticed a water elemental
   217 | D        | Killed a water elemental
   217 | D        | Reached skill level 14 in Stealth
   217 | D        | Reached XP level 4. HP: 21/21 MP: 9/9
   229 | D        | Found a glowing silver altar of Zin.
   230 | D        | Found a glowing golden altar of the Shining One.
   230 | D        | Found a white marble altar of Elyvilon.
   230 | D        | Noticed a deep elf mage
   243 | D        | Noticed an orange demon
   252 | D        | Mangled by an orange demon

Illustrated notes

Levels and vault maps discovered:
D:        dungeon_sprint_mu [sprint_mu_entry_forest, sprint_mu_temple_rooms,
          sprint_mu_d1_spiders, sprint_mu_d2_genie, sprint_mu_d3_branching,
          sprint_mu_orc_legion, sprint_mu_elf_gauntlet, sprint_mu_hive_nellie,
          sprint_mu_lair_fedhas, sprint_mu_vaults_butterflies,
          sprint_mu_slime_circle, sprint_mu_shoals_archi,
          sprint_mu_snake_twists, sprint_mu_blade_basic,
          sprint_mu_crypt_chambers, sprint_mu_tomb_spiral,
          sprint_mu_vestibule_basic, sprint_mu_gehenna_hellfire,
          sprint_mu_dis_giant, sprint_mu_tartarus_statrot,
          sprint_mu_cocytus_islands, sprint_mu_zot1]

Skill      XL: |  1  2  3 |
---------------+----------+-----
Stealth        | 9 11 14 | 14.1
Short Blades   | |  1.1
Dodging        | |  3.0
Spellcasting   | |  2.6
Hexes          | |  3.6

Action                   |  1- 3 |  4- 6 || total
-------------------------+-------+-------++-------
Melee: Dagger            |    17 |    17 ||    34
  Use: Potion            |     1 |     2 ||     3
 Stab: Sleeping          |     3 |       ||     3
Armor: Robe              |     2 |     3 ||     5
Dodge: Dodged            |     7 |    10 ||    17

Table legend: (Time is in decaauts)
 A = Elapsed time spent in this place.
 B = Non-inter-level travel time spent in this place.
 C = Inter-level travel time spent in this place.
 D = Time resting spent in this place.
 E = Time spent auto-exploring this place.
 F = Levels seen in this place.
 G = Mean time per level.
                   A        B        C        D        E       F      G
               +--------+--------+--------+--------+--------+-----+--------+
         Total |    220 |    220 |      0 |    119 |      0 |   1 |  220.0 |
       Dungeon |    220 |    220 |      0 |    119 |      0 |   1 |  220.0 |
               +--------+--------+--------+--------+--------+-----+--------+

Top non-repeatable levels by time:
       D: 220 daAuts
